 Dungeon Crawl Stone Soup version 0.29-a0-559-g359e09b9d1 (webtiles) character file.

Game seed: 7553268014180023653

5914 vulpzor the Slicer (level 11, -1/81 HPs)
             Began as a Human Berserker on June 10, 2022.
             Was an Elder of Trog.
             Slain by a seven-headed hydra (9 damage)
             ... on level 8 of the Dungeon.
             The game lasted 00:33:35 (7540 turns).

vulpzor the Slicer (Human Berserker)                Turns: 7540, Time: 00:33:35

Health: -1/81      AC: 23    Str: 22    XL:     11   Next: 8%
Magic:  11/11      EV:  8    Int:  8    God:    Trog [****..]
Gold:   610        SH:  0    Dex: 13    Spells: 10/10 levels left

rFire   . . .      SeeInvis +   t - +7 rapier of Teopukh {elec, rElec rCorr Str-3 SInv}
rCold   . . .      Faith    .   (no shield)
rNeg    + + .      Spirit   .   y - +4 plate armour
rPois   .          Reflect  .   (helmet restricted)
rElec   +          Harm     .   N - +0 cloak
rCorr   +          Rampage  .   b - +0 pair of gloves
Will    .....      Rnd*Tele +   (no boots)
Stlth   ..........              B - amulet of Loemoap {rElec rN++ Regen+ rCorr Dex-4}
HPRegen 1.03/turn               g - +4 ring of protection
MPRegen 0.12/turn               k - +6 ring of strength

@: no status effects
A: antennae 1, agile 1, teleportitis 1
a: Renounce Religion, Berserk, Trog's Hand, Brothers in Arms


You were on level 8 of the Dungeon.
You worshipped Trog.
Trog was greatly pleased with you.
You visited 2 branches of the dungeon, and saw 10 of its levels.
You also visited: Bailey.

You collected 694 gold pieces.
You spent 84 gold pieces at shops.

Inventory:

Hand Weapons
 e - a +3 halberd
 r - a +1 dagger of venom
 t - the +7 rapier of Teopukh (weapon) {elec, rElec rCorr Str-3 SInv}
   (You found it on level 2 of the Dungeon)

   It occasionally discharges a powerful burst of electricity upon striking a
   foe.
   Str:       It affects your strength (-3).
   rElec:     It insulates you from electricity.
   SInv:      It lets you see invisible.
   rCorr:     It protects you from acid and corrosion.
 w - a +1 vorpal scythe
 L - a +0 dire flail of holy wrath
 M - a +3 quarterstaff of chaos
 O - the +3 mace of Eternal War {flame, Will+}
   (You found it on level 6 of the Dungeon)

   It burns those it strikes, dealing additional fire damage.
   Will:      It increases your willpower.
 U - a +1 falchion
 V - a +3 dire flail
 X - a +3 whip of pain
Missiles
 G - a throwing net
Armour
 b - a +0 pair of gloves (worn)
 j - the +1 robe "Put-Me-On" {+Inv Archmagi}
   (You found it on level 8 of the Dungeon)

   +Inv:      It lets you turn invisible.
   Archmagi:  It increases the power of your magical spells.
 y - a +4 plate armour (worn)
 N - a +0 cloak (worn)
Jewellery
 g - a +4 ring of protection (left hand)
 k - a +6 ring of strength (right hand)
 p - an amulet of guardian spirit
 B - the amulet of Loemoap (around neck) {rElec rN++ Regen+ rCorr Dex-4}
   (You found it on level 3 of the Dungeon)

   [amulet of regeneration]

   Dex:       It affects your dexterity (-4).
   rElec:     It insulates you from electricity.
   rN:        It greatly protects you from negative energy.
   Regen:     It increases your rate of health regeneration.
   rCorr:     It protects you from acid and corrosion.
 S - an amulet of reflection
 T - a +6 ring of dexterity
Wands
 s - a wand of charming (18)
 D - a wand of mindburst (3)
 J - a wand of acid (23)
 K - a wand of digging (5)
 P - a wand of flame (46) (quivered)
Scrolls
 n - 4 scrolls of immolation
 o - a scroll of magic mapping {unknown}
 u - 5 scrolls of teleportation {unknown}
 v - a scroll of torment {unknown}
 x - 3 scrolls of poison {unknown}
 A - 2 scrolls of amnesia {unknown}
 H - a scroll of enchant weapon {unknown}
 R - a scroll of identify
 W - a scroll of fog {unknown}
 Z - a scroll of fear {unknown}
Potions
 a - a potion of magic
 c - a potion of berserk rage
 f - a potion of invisibility {unknown}
 h - 2 potions of brilliance
 i - 2 potions of cancellation
 l - 6 potions of curing
 m - 5 potions of haste
 q - 3 potions of flight
 z - 2 potions of degeneration
 C - 4 potions of might
 E - 3 potions of attraction
 F - 2 potions of ambrosia {unknown}
 I - a potion of lignification {unknown}
 Q - 2 potions of heal wounds
 Y - a potion of experience {unknown}


   Skills:
 + Level 6.2 Fighting
 * Level 12.3 Short Blades
 + Level 4.3 Axes
 + Level 7.0 Armour
 + Level 3.9 Dodging
 + Level 0.6 Stealth


You had 10 spell levels left.
You didn't know any spells.
Your spell library was empty.

Dungeon Overview and Level Annotations

Branches:
Dungeon (9/15)             Temple (0/1) D:7            Lair (1/6) D:8
 Bailey (visited)
    Orc: D:9-12

Altars:
Ashenzari
Cheibriados
Fedhas
Hepliaklqana
Qazlal
Ru
Sif Muna
Trog
Uskayaw
Yredelemnul
Zin

Shops:
D:7 *


Innate Abilities, Weirdness & Mutations

You have a pair of small antennae on your head.
You are agile. (Dex +2)
You are occasionally teleported next to monsters.


Message History

The seven-headed hydra bites you!
The seven-headed hydra bites you but does no damage.
Aiming: Throw Flame
Press: ? - help, Shift-Dir - straight line, f/p - seven-headed hydra
Aim: a seven-headed hydra (lightly wounded, 89% to hit)
The puff of flame hits the seven-headed hydra!
The seven-headed hydra is moderately wounded.
The seven-headed hydra closely misses you.
The seven-headed hydra bites you but does no damage. x4
The seven-headed hydra closely misses you.
The seven-headed hydra bites you.
The puff of flame hits the seven-headed hydra.
The seven-headed hydra is moderately wounded.
The seven-headed hydra bites you. x2
The seven-headed hydra bites you but does no damage. x3
The seven-headed hydra closely misses you.
The seven-headed hydra bites you!
The puff of flame hits the seven-headed hydra.
The seven-headed hydra is moderately wounded.
The seven-headed hydra bites you!
The seven-headed hydra closely misses you.
The seven-headed hydra bites you!
The seven-headed hydra bites you but does no damage. x2
The seven-headed hydra bites you!
The seven-headed hydra bites you but does no damage.
The seven-headed hydra bites you. The seven-headed hydra bites you!
* * * LOW HITPOINT WARNING * * *
The seven-headed hydra bites you but does no damage. x2
The seven-headed hydra barely misses you.
The seven-headed hydra bites you but does no damage.
The seven-headed hydra bites you!
* * * LOW HITPOINT WARNING * * *
You climb upwards.
Welcome back to the Dungeon!
There is a staircase to the Lair here.
As you read the scroll labelled ITYPSI BOTEMNYD, it crumbles to dust.
The creatures around you are filled with an inner flame!
It was a scroll of immolation.
The seven-headed hydra bites you but does no damage. x4
The seven-headed hydra bites you!
You die...

#.......#####......##..
###.......# #.......##..
#.........## #.......##..
#.#........###......#####
#.##................#
#.#.................#####
#..[...#.................
#.#.................≈≈§≈≈
#.#...#D@..#...###.§≈....
#.....#........# #..§.≈≈≈
#(.......#..#..# ##.≈.≈..
#..............# #.≈.≈._
#.#............# #.≈.≈..
#......######### #.≈.≈≈≈
######## #.≈.... #.≈≈≈≈≈
#......


You could see a seven-headed hydra (inner flame).

Vanquished Creatures
  3 death yaks (D:8)
  A gargoyle (D:7)
  Sigmund (D:2)
  Eustachio (D:5)
  4 yaks (Lair:1)
  A basilisk (Lair:1)
  Edmund (D:6)
  A water moccasin (D:5)
  4 orc warriors (Bailey)
  A black bear (D:7)
  4 centaurs
  An ogre (D:5)
  2 phantoms
  Blork the orc (D:6)
  A bullfrog (D:8)
  8 kobold brigands
  3 scorpions
  4 wights (D:8)
  3 jellies
  2 gnoll shamans
  2 hounds
  Crazy Yiuf (D:6)
  Ijyb (D:5)
  3 iguanas
  An orc wizard (D:6)
  Robin (D:2)
  10 gnolls
  4 adders
  A river rat (D:8)
  A shadow imp (D:6)
  A white imp (D:7)
  An ufetubus (D:4)
  3 worms
  A dart slug (D:3)
  9 orcs
  4 ball pythons
  6 endoplasms
  3 giant cockroaches
  13 goblins
  8 hobgoblins
  6 jackals
  16 kobolds
  3 quokkas
  2 bats (D:1)
  2 frilled lizards
  4 rats
154 creatures vanquished.

Vanquished Creatures (others)
  A plant (D:7)
1 creature vanquished.

Grand Total: 155 creatures vanquished

Notes
Turn   | Place    | Note
-------+----------+-------------------------------------------
     0 | D:1      | vulpzor the Human Berserker began the quest for the Orb.
     0 | D:1      | Reached XP level 1. HP: 18/18 MP: 1/1
   202 | D:1      | Reached XP level 2. HP: 7/24 MP: 2/2
  1222 | D:1      | Reached XP level 3. HP: 29/29 MP: 3/3
  1278 | D:2      | Noticed Robin
  1313 | D:2      | Killed Robin
  1315 | D:2      | Reached ** piety under Trog
  1331 | D:2      | Reached XP level 4. HP: 31/35 MP: 2/4
  1441 | D:2      | Identified the +7 rapier of Teopukh {elec, rElec rCorr
                  | Str-3 SInv}
  1808 | D:2      | Noticed Sigmund
  1818 | D:2      | Killed Sigmund
  1819 | D:2      | Reached skill level 1 in Short Blades
  1819 | D:2      | Reached XP level 5. HP: 32/42 MP: 3/5
  1819 | D:2      | Reached XP level 6. HP: 37/48 MP: 3/6
  2566 | D:3      | Found a hide-covered altar of Uskayaw.
  2575 | D:3      | Identified the amulet of Loemoap {rElec rN++ Regen+ rCorr
                  | Dex-4}
  2934 | D:3      | Reached skill level 2 in Short Blades
  3509 | D:4      | Reached skill level 3 in Short Blades
  3511 | D:4      | Reached XP level 7. HP: 53/53 MP: 7/7
  3734 | D:4      | Reached skill level 4 in Short Blades
  4028 | D:5      | Entered Level 5 of the Dungeon
  4057 | D:5      | Noticed Ijyb
  4089 | D:5      | Killed Ijyb
  4090 | D:5      | Reached skill level 5 in Short Blades
  4176 | D:5      | Noticed Eustachio
  4219 | D:5      | Killed Eustachio
  4220 | D:5      | Reached XP level 8. HP: 59/60 MP: 8/8
  4264 | D:5      | Reached skill level 6 in Short Blades
  4306 | D:5      | Found a snail-covered altar of Cheibriados.
  4500 | D:5      | Found a broken altar of Ashenzari.
  4504 | D:5      | Found a glowing silver altar of Zin.
  4508 | D:5      | Found a shimmering blue altar of Sif Muna.
  4511 | D:5      | Found a stormy altar of Qazlal.
  4512 | D:5      | Found a bloodstained altar of Trog.
  4518 | D:5      | Found a sacrificial altar of Ru.
  4523 | D:5      | Found a basalt altar of Yredelemnul.
  4650 | D:6      | Reached skill level 7 in Short Blades
  4723 | D:6      | Noticed Edmund
  4734 | D:6      | Killed Edmund
  4747 | D:6      | Found a runed translucent door.
  4748 | D:6      | Noticed Crazy Yiuf
  4753 | D:6      | Killed Crazy Yiuf
  4753 | D:6      | Reached *** piety under Trog
  4756 | D:6      | Identified the +3 mace of Eternal War {flame, Will+}
  4795 | D:6      | Reached XP level 9. HP: 48/66 MP: 9/9
  4821 | D:6      | Noticed Blork the orc
  4833 | D:6      | Killed Blork the orc
  4971 | D:6      | Reached skill level 8 in Short Blades
  5252 | D:7      | Found a hazy altar of Hepliaklqana.
  5364 | D:7      | Found Agyuh's General Store.
  5378 | D:7      | Bought a scroll of identify for 28 gold pieces
  5465 | D:7      | Found a staircase to the Ecumenical Temple.
  5757 | D:7      | Bought a potion of might for 56 gold pieces
  5935 | D:8      | Found a blossoming altar of Fedhas.
  5953 | D:8      | Noticed a death yak
  5982 | D:8      | Reached skill level 5 in Armour
  5988 | D:8      | Killed a death yak
  5989 | D:8      | Reached skill level 5 in Fighting
  5989 | D:8      | Reached skill level 9 in Short Blades
  5995 | D:8      | Noticed a death yak
  6004 | D:8      | Killed a death yak
  6005 | D:8      | Reached skill level 10 in Short Blades
  6005 | D:8      | Reached XP level 10. HP: 59/74 MP: 10/10
  6012 | D:8      | Noticed a death yak
  6030 | D:8      | Killed a death yak
  6031 | D:8      | Reached skill level 11 in Short Blades
  6071 | D:8      | Noticed a gargoyle
  6106 | D:7      | Killed a gargoyle
  6183 | D:8      | Found a flagged portal.
  6225 | Bailey   | Entered a bailey
  6382 | Bailey   | Reached **** piety under Trog
  6409 | Bailey   | Reached skill level 12 in Short Blades
  6424 | Bailey   | Found a burning altar of Makhleb.
  6625 | D:8      | Found a staircase to the Lair.
  6825 | D:8      | Identified the +1 robe "Put-Me-On" {+Inv Archmagi}
  7246 | Lair:1   | Entered Level 1 of the Lair of Beasts
  7267 | Lair:1   | Reached XP level 11. HP: 45/81 MP: 11/11
  7423 | Lair:1   | Gained mutation: Your spells are a little harder to cast,
                  | but a little more powerful. [potion of mutation]
  7426 | Lair:1   | Lost mutation: Your spells are a little harder to cast, but
                  | a little more powerful. [potion of mutation]
  7426 | Lair:1   | Gained mutation: You are occasionally teleported next to
                  | monsters. [potion of mutation]
  7426 | Lair:1   | Gained mutation: You are agile. (Dex +2) [potion of
                  | mutation]
  7426 | Lair:1   | Gained mutation: You have a pair of small antennae on your
                  | head. [potion of mutation]
  7440 | Lair:1   | Noticed a seven-headed hydra
  7540 | D:8      | Slain by a seven-headed hydra

Illustrated notes

Levels and vault maps discovered:
D:1:      dpeg_arrival_round_b, layout_basic
D:2:      layout_basic, uniq_sigmund, uniq_robin
D:3:      minmay_wonky_spiral, layout_loops_ring,
          eat_drink_and_be_merry_uskayaw, serial_co_window_serial,
          co_window_paths_a, co_window_cross_1, co_window_paths_a,
          co_window_corner_a, co_window_corner_a, co_window_of_opportunity_a,
          co_window_corner_cb, co_window_cross_2, co_window_corner_cb,
          co_window_corner_cb, co_window_2corner, co_window_of_opportunity_b,
          glass_columns_a
D:4:      layout_basic
D:5:      layout_rooms, nicolae_overflow_hallway_of_the_gods, uniq_ijyb,
          uniq_eustachio
D:6:      layout_rooms, uniq_crazy_yiuf_cottage, uniq_blork_the_orc, uniq_edmund
D:7:      layout_basic, nicolae_hepliaklqana_hazy_memory,
          minmay_temple_entry_from_below_a, serial_shops, shop
D:8:      layout_basic, mainiacjoe_overflow_concentric_impassable,
          dpeg_lair_monsters, enter_bailey_6
D:9:      layout_layer_cave, nicolae_overflow_hidden_temple, kennysheep_mini,
          uniq_joseph
Lair:1:   layout_regular_city, serial_bayou_pond_e, serial_bayou_shore_a,
          grunt_megastairs_1, lemuel_fruit_fields

Skill      XL: |  1  2  3  4  5  6  7  8  9 10 11 |
---------------+----------------------------------+-----
Short Blades   | 1 3 5 7 10 12 | 12.3
Axes           | 4 |  4.3
Dodging        | 3 |  3.9
Armour         | 3 4 6 7 |  7.0
Fighting       | 4 5 6 |  6.2
Stealth        | |  0.6

Action                   |  1- 3 |  4- 6 |  7- 9 | 10-12 || total
-------------------------+-------+-------+-------+-------++-------
Melee: Hand axe          |    86 |       |       |       ||    86
       Punch             |     3 |     1 |     3 |       ||     7
       Rapier            |       |    59 |   237 |   163 ||   459
Invok: Trog's Hand       |       |       |       |     1 ||     1
Evoke: Wand              |       |       |       |     4 ||     4
  Use: Scroll            |       |       |    14 |     4 ||    18
       Potion            |       |       |       |     4 ||     4
Armor: Animal skin       |     9 |       |       |       ||     9
       Leather armour    |    27 |     6 |       |       ||    33
       Plate armour      |       |    26 |   185 |   149 ||   360
Dodge: Dodged            |    77 |    27 |   107 |    65 ||   276

Table legend: (Time is in decaauts)
 A = Elapsed time spent in this place.
 B = Non-inter-level travel time spent in this place.
 C = Inter-level travel time spent in this place.
 D = Time resting spent in this place.
 E = Time spent auto-exploring this place.
 F = Levels seen in this place.
 G = Mean time per level.
                   A        B        C        D        E       F      G
               +--------+--------+--------+--------+--------+-----+--------+
         Total |   7481 |   7481 |      0 |    213 |   4616 |  11 |  680.1 |
       Dungeon |   6993 |   6993 |      0 |    127 |   4557 |   9 |  777.0 |
          Lair |    215 |    215 |      0 |     86 |      8 |   1 |  215.0 |
        Bailey |    273 |    273 |      0 |      0 |     51 |   1 |  273.0 |
               +--------+--------+--------+--------+--------+-----+--------+

Top non-repeatable levels by time:
     D:3: 1402 daAuts
     D:1: 1259 daAuts
     D:8: 1141 daAuts
     D:2: 768 daAuts
     D:4: 667 daAuts
     D:7: 653 daAuts
     D:6: 559 daAuts
     D:5: 537 daAuts
  Bailey: 273 daAuts
  Lair:1: 215 daAuts
     D:9: 3 daAuts
